 Dungeon Crawl Stone Soup version 0.22.1-1-ga44c0e5 (webtiles) character file.

1386 MTVSty1e the Cleaver (level 8, -2/53 HPs)
             Began as a Gargoyle Fighter on Oct 23, 2018.
             Splashed by a jelly's acid (5 damage)
             ... on level 7 of the Dungeon.
             The game lasted 00:05:30 (4677 turns).

MTVSty1e the Cleaver (Gargoyle Fighter)             Turns: 4677, Time: 00:05:31

Health: -2/53      AC:  1    Str: 21    XL:     8   Next: 67%
Magic:  8/8        EV:  7    Int: 10    God:
Gold:   319        SH:  9    Dex:  9    Spells: 7/7 levels left

rFire    . . .     SeeInvis .   a - +0 war axe
rCold    . . .     Gourm    .   c - +0 shield
rNeg     + . .     Faith    .   b - +0 scale mail
rPois    ∞         Spirit   .   (no helmet)
rElec    +         Reflect  .   s - +0 cloak
rCorr    .         Harm     .   (no gloves)
MR       .....                  (no boots)
Stlth    ..........             (no amulet)
HPRegen  0.17/turn              (no ring)
MPRegen  0.11/turn              (no ring)

@: corroded
A: negative energy resistance 1, electricity resistance, unbreathing,
petrification resistance, rot immunity, AC +5
a: no special abilities


You were on level 7 of the Dungeon.
You were not hungry.

You visited 1 branch of the dungeon, and saw 6 of its levels.

You collected 319 gold pieces.

Inventory:

Hand Weapons
 a - a +0 war axe (weapon)
Armour
 b - a +0 scale mail (worn)
 c - a +0 shield (worn)
 s - a +0 cloak (worn)
Jewellery
 o - an uncursed amulet of harm
Wands
 r - a wand of polymorph (11)
Scrolls
 h - 3 scrolls of identify
 i - 3 scrolls of remove curse
 k - 2 scrolls of fog {unknown}
 l - a scroll of teleportation {unknown}
 n - a scroll of immolation {unknown}
 p - 2 scrolls of magic mapping {unknown}
 u - a scroll of enchant armour {unknown}
Potions
 d - a potion of lignification {unknown}
 e - 3 potions of curing {unknown}
 g - 3 potions of brilliance {unknown}
 j - 3 potions of berserk rage {unknown}
 m - a potion of cancellation {unknown}
 q - a potion of heal wounds {unknown}
 t - a potion of mutation {unknown}
Comestibles
 f - 3 rations


   Skills:
 + Level 7.3 Fighting
 * Level 8.0 Axes
 - Level 3.2 Armour
 - Level 3.2 Shields


You had 7 spell levels left.
You didn't know any spells.
Your spell library contained the following spells:

 Spells                   Type           Power        Failure   Level  Hunger
 Magic Dart               Conj           #...         99%         1    ##.....
 Blink                    Tloc           N/A          100%        2    ###....
 Call Imp                 Summ           #.......     100%        2    ###....
 Slow                     Hex            #.......     100%        2    ###....
 Conjure Flame            Conj/Fire      #.......     100%        3    ####...
 Mephitic Cloud           Conj/Pois/Air  #.......     100%        3    ####...
 Cause Fear               Hex            #.........   100%        4    #####..
 Silence                  Hex/Air        #.........   100%        5    ######.
 Yara's Violent Unravell  Hex/Tmut       #.........   100%        5    ######.
 Deflect Missiles         Chrm/Air       #.........   100%        6    #######
 Discord                  Hex            #.........   100%        8    #######


Dungeon Overview and Level Annotations

Branches:
Dungeon (5/15)
 Temple: D:4-7

Altars:
Gozag
Kikubaaqudgha
Nemelex Xobeh
Trog


Innate Abilities, Weirdness & Mutations

You are resistant to torment.
Your stone body is resilient. (AC +5)
You are immune to poison.
You resist negative energy. (rN+)
You are resistant to electric shocks. (rElec)
You can survive without breathing.
You are immune to petrification.
You are immune to rotting.


Message History

You hit the jelly. The acid corrodes you!
Your hands burn!
The jelly is almost dead.
You block the jelly's attack.
You hit the jelly but do no damage.
Your hands burn!
The jelly is almost dead.
The jelly barely misses you.
You hit the jelly but do no damage.
Your hands burn!
The jelly is almost dead.
The jelly hits you.
* * * LOW HITPOINT WARNING * * *
You are splashed with acid!
The acid burns!
* * * LOW HITPOINT WARNING * * *
You hit the jelly but do no damage.
Your hands burn!
* * * LOW HITPOINT WARNING * * *
The jelly is almost dead.
The jelly barely misses you. The jelly hits you.
* * * LOW HITPOINT WARNING * * *
You are splashed with acid!
The acid burns!
You die...

#.# #.#
#.# #.#
#.# #.#
#.# #@#
#J# #.#
........#
.....####
.... ...
.. .


You could see a jelly.

Vanquished Creatures
  Grinder (D:4)
  Menkaure (D:5)
  An ice beast (D:5)
  An ogre (D:4)
  A black bear (D:5)
  A gnoll sergeant (D:5)
  A water moccasin zombie (D:5)
  2 scorpions
  3 howler monkeys
  Crazy Yiuf (D:4)
  A hound (D:4)
  A bullfrog skeleton (D:4)
  2 orc priests
  An iguana (D:5)
  An orc wizard (D:4)
  2 worker ants
  A hound skeleton (D:4)
  10 gnolls
  4 adders
  3 worms
  2 dart slugs
  5 leopard geckos
  10 orcs
  2 ball pythons
  8 bats
  3 bat zombies (D:5)
  4 giant cockroaches
  12 goblins
  3 hobgoblins
  A jackal (D:1)
  2 quokkas
  7 frilled lizards
  6 kobolds
  6 rats
110 creatures vanquished.

Notes
Turn   | Place    | Note
-------+----------+-------------------------------------------
     0 | D:1      | MTVSty1e the Gargoyle Fighter began the quest for the Orb.
     0 | D:1      | Reached XP level 1. HP: 14/14 MP: 1/1
   223 | D:1      | Reached skill level 2 in Axes
   262 | D:1      | Reached XP level 2. HP: 17/19 MP: 2/2
   869 | D:2      | Reached XP level 3. HP: 24/24 MP: 3/3
  1003 | D:2      | Reached skill level 3 in Axes
  1003 | D:2      | Reached XP level 4. HP: 22/29 MP: 4/4
  1708 | D:3      | Reached XP level 5. HP: 31/34 MP: 5/5
  1711 | D:3      | Reached skill level 4 in Axes
  2266 | D:4      | Noticed Grinder
  2294 | D:4      | Paralysed by Grinder for 7 turns
  2304 | D:4      | Killed Grinder
  2304 | D:4      | Reached skill level 5 in Fighting
  2304 | D:4      | Reached skill level 5 in Axes
  2304 | D:4      | Reached XP level 6. HP: 34/40 MP: 6/6
  2539 | D:4      | Reached XP level 7. HP: 36/44 MP: 7/7
  3079 | D:4      | Found a runed door.
  3247 | D:4      | Reached skill level 6 in Axes
  3661 | D:4      | Noticed Crazy Yiuf
  3670 | D:4      | Killed Crazy Yiuf
  3772 | D:5      | Entered Level 5 of the Dungeon
  3776 | D:5      | Found an opulent altar of Gozag.
  3791 | D:5      | Reached XP level 8. HP: 50/52 MP: 8/8
  3806 | D:5      | Found a bloodstained altar of Trog.
  3807 | D:5      | Found a sparkling altar of Nemelex Xobeh.
  3853 | D:5      | Reached skill level 7 in Axes
  3865 | D:5      | Noticed Menkaure
  3882 | D:5      | Killed Menkaure
  4294 | D:5      | Found an ancient bone altar of Kikubaaqudgha.
  4534 | D:5      | Reached skill level 8 in Axes
  4666 | D:5      | You fall through a shaft for 2 floors!
  4677 | D:7      | Splashed by a jelly's acid

Skill      XL: |  1  2  3  4  5  6  7  8 |
---------------+-------------------------+-----
Axes           | 2 3 5 6 8 |  8.0
Fighting       | 4 5 6 7 |  7.3
Armour         | |  3.2
Shields        | |  3.2

Action                   |  1- 3 |  4- 6 |  7- 9 || total
-------------------------+-------+-------+-------++-------
Melee: War axe           |   101 |   143 |   196 ||   440
  Use: Scroll            |       |     2 |       ||     2
       Potion            |       |     1 |     1 ||     2
  Eat: Chunk             |       |     2 |     2 ||     4
       Ration            |       |     1 |     2 ||     3
Armor: Scale mail        |    63 |    80 |   103 ||   246
Dodge: Dodged            |    34 |    34 |    59 ||   127
Block: Shield            |    37 |    69 |    94 ||   200
